 Dungeon Crawl Stone Soup version 0.31-a0-1591-g515db51633 (webtiles) character file.

Game seed: 17368459437223741346

14 Conn the Firebug (level 2, 0/17 HPs)
             Began as an Octopode Fire Elementalist on Jan 5, 2024.
             Slain by a giant cockroach (1 damage)
             ... on level 2 of the Dungeon on Jan 6, 2024.
             The game lasted 00:02:10 (779 turns).

Conn the Firebug (Octopode Fire Elementalist)        Turns: 779, Time: 00:02:12

Health: 0/17       AC:  1    Str:  7    XL:     2   Next: 41%
Magic:  3/5        EV: 13    Int: 17    God:
Gold:   76         SH:  0    Dex: 12    Spells: 4/5 levels left

rFire   . . .        h - +0 dagger
rCold   . . .        (no shield)
rNeg    . . .        (helmet restricted)
rPois   .            (no amulet)
rElec   .            (no ring)
rCorr   .            (no ring)
SInv    .            (no ring)
Will    .....        (no ring)
Stlth   +++          (no ring)
HPRegen 0.22/turn    (no ring)
MPRegen 0.09/turn    (no ring)
                     (no ring)

%: no passive effects
@: lethally poisoned (0 -> -12)
A: almost no armour, amphibious, 8 rings, camouflage 1, gelatinous body 1,
(nimble swimmer 1), tentacles
a: no special abilities


You were on level 2 of the Dungeon.
You visited 1 branch of the dungeon, and saw 2 of its levels.

You collected 76 gold pieces.

Inventory:

Hand Weapons
 h - a +0 dagger (weapon)
Missiles
 j - 5 atropa-tipped darts
Jewellery
 b - an amulet of magic regeneration
Scrolls
 c - a scroll of amnesia {unknown}
 d - a scroll of fog {unknown}
 e - a scroll of identify {unknown}
 g - 2 scrolls of teleportation {unknown}
 i - a scroll of butterflies {unknown}
 k - a scroll of torment {unknown}
Potions
 a - a potion of magic
 f - 2 potions of heal wounds {unknown}


   Skills:
 + Level 2.2 Dodging
 + Level 3.0 Stealth
 + Level 2.1 Spellcasting
 + Level 1.3 Conjurations
 + Level 3.1 Fire Magic


You had 4 spell levels left.
You knew the following spells:

 Your Spells              Type           Power      Damage    Failure   Level
a - Foxfire               Conj/Fire      36%        2x1d5     8%          1

Your spell library contained the following spells:

 Spells                   Type           Power      Damage    Failure   Level
 Scorch                   Fire           24%        2d6       8%          2
 Inner Flame              Hex/Fire       7%         N/A       30%         3
 Volatile Blastmotes      Fire/Tloc      14%        2d11      30%         3
 Flame Wave               Conj/Fire      9%         2d6       58%         4


Dungeon Overview and Level Annotations

Branches:
Dungeon (2/15)

Altars:

Shops:
D:1 (*=:


Innate Abilities, Weirdness & Mutations

You cannot wear most types of armour.
You are amphibious.
You can wear up to eight rings at the same time.
Your skin changes colour to match your surroundings (Stealth+).
Your rubbery body absorbs attacks. (AC +1, EV +1)
((You are camouflaged when in or above water. (Stealth+)))
You have tentacles for arms and can constrict up to eight enemies at once.


Message History

A giant cockroach comes into view.
The adder barely misses you.
You hit the adder. Your grab misses the adder. You squeeze the adder.
The adder is almost dead.
The adder bites you. The adder closely misses you.
You hit the adder but do no damage. Your grab misses the adder.
The adder is almost dead.
The adder bites you but does no damage.
You hit the adder but do no damage. Your grab misses the adder.
The adder is almost dead.
The adder bites you.
You are poisoned.
The adder poisons you! The giant cockroach barely misses you.
You completely miss the adder. Your grab misses the adder.
The adder is almost dead.
You feel sick. The adder bites you.
You are lethally poisoned!
The adder poisons you! The giant cockroach closely misses you.
The adder completely misses you.
Unknown command.
Casting: Foxfire (safe; 8% risk of failure)
Confirm with . or Enter, or press ? or * to list all spells.
You conjure some foxfire!
You feel sick.
The giant cockroach waves its antennae.
The giant cockroach bites you but does no damage.
The adder barely misses you.
Unknown command.
Casting: Foxfire (safe; 8% risk of failure)
Confirm with . or Enter, or press ? or * to list all spells.
You conjure some foxfire!
* * * LOW HITPOINT WARNING * * *
You feel sick.
The foxfire hits the giant cockroach but does no damage.
The foxfire hits the giant cockroach.
The giant cockroach is heavily wounded.
The giant cockroach misses you. The adder bites you.
* * * LOW HITPOINT WARNING * * *
You are more poisoned.
The adder poisons you! The giant cockroach bites you.
You die...

.. ..#...#.####.# ..#
#. #.#............
...#. #.#.....####.##
#.#.###.#<.#.#.....#
..#.......####.#.#####
................#.#
####.......######.#
.......ยงยง..!.....#
###.....@v######
#....vBS# ...........
##...........#
#...........#
#...........#
............#
########.####


You could see an adder and a giant cockroach (ally target).

Vanquished Creatures
  A dart slug (D:1)
  An endoplasm (D:1)
  3 bats (D:1)
  A frilled lizard (D:1)
  2 goblins (D:1)
  2 kobolds (D:1)
  2 rats (D:1)
12 creatures vanquished.

Vanquished Creatures (others)
  26 foxfires
26 creatures vanquished.

Grand Total: 38 creatures vanquished

Notes
Turn   | Place    | Note
-------+----------+-------------------------------------------
     0 | D:1      | Conn the Octopode Fire Elementalist began the quest for the
                  | Orb.
     0 | D:1      | Reached XP level 1. HP: 11/11 MP: 3/3
   268 | D:1      | Found Don Qykh's Book Shop.
   271 | D:1      | Upgraded the game from 0.31-a0-1581-g41d5ff3e7b to
                  | 0.31-a0-1591-g515db51633
   300 | D:1      | Found Zakoymio's Jewellery Shop.
   323 | D:1      | Reached XP level 2. HP: 17/17 MP: 0/5
   330 | D:1      | Found Lagruw's General Store.
   513 | D:1      | Found Liof's Antique Weapon Shoppe.
   779 | D:2      | Slain by a giant cockroach

Illustrated notes

Levels and vault maps discovered:
D:1:      wander_arrival_lonely_grave, layout_basic, serial_shops, shop,
          nicolae_shop_overgrown_old_shop, shop, shop
D:2:      layout_basic, basic_altar, uniq_natasha, uniq_sigmund, uniq_terence

Skill      XL: |  1  2 |
---------------+-------+-----
Stealth        | 3 |  3.0
Dodging        | |  2.2
Spellcasting   | |  2.1
Conjurations   | |  1.3
Fire Magic     | |  3.1

Action                     || total
---------------------------++-------
  Melee: Unarmed           ||     3
         Constrict         ||     2
         Tentacles         ||     2
         Dagger            ||     8
   Cast: Foxfire           ||    14
   Stab: Sleeping          ||     3
 Armour: Skin              ||    10
  Dodge: Dodged            ||    10

Table legend: (Time is in decaauts)
 A = Elapsed time spent in this place.
 B = Non-inter-level travel time spent in this place.
 C = Inter-level travel time spent in this place.
 D = Time resting spent in this place.
 E = Time spent auto-exploring this place.
 F = Levels seen in this place.
 G = Mean time per level.
                   A        B        C        D        E       F      G
               +--------+--------+--------+--------+--------+-----+--------+
         Total |    778 |    746 |     32 |      0 |    544 |   2 |  389.0 |
       Dungeon |    778 |    746 |     32 |      0 |    544 |   2 |  389.0 |
               +--------+--------+--------+--------+--------+-----+--------+

Top non-repeatable levels by time:
     D:1: 748 daAuts
     D:2: 29 daAuts
